Unix NetHack Version 3.7.0-70 Work-in-progress - last build Jan 20 2023 02:37:49 (416de4da9be3a1557180d233d1398bca634ded6a,branch:master). Game began 2023-01-27 17:53:03, ended 2024-03-23 21:37:22. Dewzmint, neutral female human Priestess -------- |......| |....{.| |..<...| ------|- ### # ###### ### ## -----.------.- |............| |............| |.....S.)...>| ..d@.........| -------------- Dewzmint the Acolyte St:13 Dx:13 Co:13 In:10 Wi:18 Ch:8 Neutral S:336 Dlvl:3 $:62 HP:0(31) Pw:32(32) AC:7 Xp:3/41 T:1084 Latest messages: You see here a bat corpse. There is a bat corpse here; eat it? [ynq] (n) y This bat corpse is stringy. You stop eating the bat corpse. You miss the goblin. You kill the goblin! Welcome to experience level 3. There is a partly eaten bat corpse here; eat it? [ynq] (n) y You consume the last bite of your meal. You finish eating the bat corpse. You see here a crude dagger. u - a crude dagger. What do you want to eat? Blecch! Rotten food! You feel rather light headed. You finish eating the food ration. You feel less confused now. Where do you want to travel to? (For instructions type a '?') You stop, unsure which way to go. You feel a bit steadier now. Where do you want to travel to? (For instructions type a '?') You hear water falling on coins. You descend the stairs. You see here 13 gold pieces. $ - 13 gold pieces (62 in total). You swap places with the peaceful garter snake. You swap places with the peaceful garter snake. You see here a crossbow. The little dog bites! The little dog bites! You miss the little dog. The little dog bites! You miss the little dog. The little dog bites! You hit the little dog! The little dog misses! The little dog bites! You miss the little dog. The little dog bites! The little dog bites! Pick an object. The little dog bites! You die... Do you want your possessions identified? [ynq] (y) n Do you want to see your attributes? [ynq] (y) n Do you want an account of creatures vanquished? [ynaq] (y) n Do you want to see your conduct and achievements? [ynq] (y) n Do you want to see the dungeon overview? [ynq] (y) n Inventory: Coins $ - 62 gold pieces Weapons r - 6 +0 darts u - a +0 orcish dagger o - a +0 orcish spear a - a blessed +1 mace (weapon in hand) Armor c - a +0 small shield (being worn) b - a +0 robe (being worn) Comestibles e - a clove of garlic i - a food ration f - a sprig of wolfsbane k - a tripe ration j - a tin of boiled newt meat Scrolls m - a cursed scroll of amnesia n - 2 scrolls of enchant weapon p - a scroll of identify Spellbooks s - a spellbook of clairvoyance h - a spellbook of cure sickness g - a blessed spellbook of detect monsters Potions l - a potion of confusion d - 4 potions of holy water Rings q - a ring of regeneration (on left hand) Wands t - a wand of light (0:14) Dewzmint the Priestess's attributes: Background: You were an Acolyte, a level 3 human Priestess. You were neutral, nominally on a mission for Ishtar who was opposed by Anu (lawful) and Anshar (chaotic). You were in the Dungeons of Doom, on level 3. You entered the dungeon 1084 turns ago. You had 41 experience points, 39 more were needed to attain level 4. Your score was 336 before end-of-game adjustments. Basics: You had 0 out of 31 hit points. You had all 32 energy points (spell power). Your armor class was 7. Your wallet contained 62 zorkmids. Autopickup was off. Final Characteristics: Your strength was 13 (limit:18/100). Your dexterity was 13 (limit:18). Your constitution was 13 (limit:18). Your intelligence was 10 (limit:18). Your wisdom was 18 (limit:18). Your charisma was 8 (limit:18). Final Status: You were not hungry. You were unencumbered. You were wielding a mace. You had basic skill with mace. Final Attributes: You were devoutly aligned. You regenerated. You were guarded. You are dead. Miscellaneous: You never encountered a bones level. Total elapsed playing time was 48 minutes and 50 seconds. Major events: Turn 1: Dewzmint the neutral human Priestess entered the dungeon 929: attained the rank of Acolyte (level 3) 1084: killed by a little dog Vanquished creatures: 3 jackals a fox 3 goblins a sewer rat 3 grid bugs a bat a lichen a kobold zombie a newt 15 creatures vanquished. No species were genocided or became extinct. Voluntary challenges: You were an atheist. You read items or engraved 1 time. You never engraved Elbereth. You never genocided any monsters. You never polymorphed an object. You never changed form. You used no wishes. Achievement: You attained the rank of Acolyte. The Dungeons of Doom: levels 1 to 3 Level 1: A fountain. Level 2: A fountain. Level 3: <- You were here. A fountain. Final resting place for you, killed by a little dog. Game over: ---------- / \ / REST \ / IN \ / PEACE \ / \ | Dewzmint | | 62 Au | | killed by a | | little dog | | | | | | 2024 | *| * * * | * _________)/\\_//(\/(/\)/\//\/|_)_______ Goodbye Dewzmint the Priestess... You died in The Dungeons of Doom on dungeon level 3 with 330 points, and 62 pieces of gold, after 1084 moves. You were level 3 with a maximum of 31 hit points when you died.